 Dungeon Crawl Stone Soup version 0.29-a0-314-gb00dd7cb4b (webtiles) character file.

Game seed: 654614853124002897

796 HotDog the Cudgeller (level 7, -1/44 HPs)
             Began as a Gargoyle Fighter on Mar 29, 2022.
             Was a Believer of Ru.
             Slain by a gnoll
             ... wielding a +0 halberd
              (5 damage)
             ... on level 3 of the Dungeon.
             The game lasted 00:10:45 (5849 turns).

HotDog the Cudgeller (Gargoyle Fighter)             Turns: 5849, Time: 00:10:46

Health: -1/44      AC: 14    Str: 22    XL:     7   Next: 89%
Magic:  7/7        EV:  2    Int:  8    God:    Ru [**....]
Gold:   189        SH:  4    Dex:  9    Spells: 6/6 levels left

rFire   . . .      SeeInvis .   a - +0 flail
rCold   . . .      Faith    .   c - +0 buckler
rNeg    + . .      Spirit   .   o - +0 chain mail
rPois   ∞          Reflect  .   (no helmet)
rElec   +          Harm     .   (no cloak)
rCorr   .          Rampage  .   (no gloves)
Will    .....                   (no boots)
Stlth   ..........              (no amulet)
HPRegen 0.14/turn               (no ring)
MPRegen 0.10/turn               (no ring)

@: no status effects
A: sickness immunity, AC +4, negative energy resistance 1, electricity
resistance, torment resistance 1, petrification resistance, inability to train
dodging, reduced EV 1
a: Renounce Religion


You were on level 3 of the Dungeon.
You worshipped Ru.
Ru was pleased with you.
You visited 1 branch of the dungeon, and saw 4 of its levels.

You collected 189 gold pieces.

Inventory:

Hand Weapons
 a - a +0 flail (weapon)
Armour
 c - a +0 buckler (worn)
 o - a +0 chain mail (worn)
Scrolls
 f - a scroll of holy word
 g - a scroll of silence {unknown}
 i - 2 scrolls of noise
 j - a scroll of vulnerability {unknown}
 n - a scroll of fog {unknown}
 q - 2 scrolls of teleportation {unknown}
 u - 2 scrolls of identify
Potions
 b - a potion of haste
 d - a potion of might
 e - a potion of curing
 h - a potion of invisibility
 l - a potion of brilliance
 m - 2 potions of flight {unknown}
 p - a potion of mutation {unknown}
 r - a potion of ambrosia {unknown}
 s - a potion of lignification {unknown}
 t - a potion of magic {unknown}


   Skills:
 * Level 5.1 Fighting
 * Level 5.8 Maces & Flails
 * Level 5.7 Armour
 * Level 4.6 Shields
 - Level 0.3 Invocations


You had 6 spell levels left.
You didn't know any spells.
Your spell library contained the following spells:

 Spells                   Type           Power      Damage    Failure   Level
 Animate Skeleton         Necr           0%         N/A       99%         1
 Pain                     Necr           0%         1d4       99%         1
 Gell's Gravitas          Tloc           0%         N/A       100%        3
 Lesser Beckoning         Tloc           0%         N/A       100%        3
 Teleport Other           Tloc           0%         N/A       100%        3
 Vampiric Draining        Necr           0%         2d6       100%        3
 Dispersal                Tloc           0%         N/A       100%        6


Dungeon Overview and Level Annotations

Branches:
Dungeon (4/15)             Temple (0/1) D:4

Altars:
Cheibriados
Ru

Shops:
D:1 =   D:2 =

Annotations:
D:3 Grinder


Innate Abilities, Weirdness & Mutations

You are immune to sickness and miasma.
Your stone body is resilient. (AC +4)
You are immune to poison.
You resist negative energy. (rN+)
You are resistant to electric shocks. (rElec)
You are resistant to unholy torment.
You are immune to petrification.
You cannot train Dodging skill.
You have somewhat slow reflexes. (EV -5)


Message History

You barely miss the orc.
The orc is almost dead.
The orc hits you but does no damage.
You closely miss the orc.
The orc is almost dead.
The orc barely misses you.
You closely miss the orc.
The orc is almost dead.
The orc hits you but does no damage.
You hit the orc.
You kill the orc!
You hit the gnoll.
The gnoll is heavily wounded.
The gnoll hits you but does no damage.
The gnoll hits you from afar with a +0 halberd.
* * * LOW HITPOINT WARNING * * *
You closely miss the gnoll.
The gnoll is heavily wounded.
The gnoll hits you with a +0 flail.
* * * LOW HITPOINT WARNING * * *
The gnoll hits you from afar with a +0 halberd.
* * * LOW HITPOINT WARNING * * *
You block the gnoll's attack.
You feel much better.
The gnoll hits you from afar with a +0 halberd!
* * * LOW HITPOINT WARNING * * *
The gnoll hits you but does no damage.
You hit the gnoll.
The gnoll is severely wounded.
The gnoll hits you from afar with a +0 halberd.
* * * LOW HITPOINT WARNING * * *
The gnoll hits you with a +0 flail!
* * * LOW HITPOINT WARNING * * *
You barely miss the gnoll.
The gnoll is severely wounded.
The gnoll hits you but does no damage. x2
You hit the gnoll but do no damage.
The gnoll is severely wounded.
The gnoll hits you from afar with a +0 halberd.
You die...

. ## .≈o≈≈≈≈≈≈ ≈≈ ≈≈≈≈≈≈≈
≈≈ .≈≈≈≈≈≈ .........
....... ........ .>#....
###....# ##### ###.#...#
#....# #...# #@#.#)#.#
#....# #...# #g#.#.#.#
###....# #...#
#g#...#.#####.# .......#
#...# #.'...)........
....)..#
#..)###'#...#.#####.#
...))†.# #..........##+##
.....o.###)...............
............).............
..).#.....)...............


You could see 2 gnolls.

Vanquished Creatures
  Sigmund (D:3)
  A black bear (D:4)
  2 howler monkeys (D:3)
  A jelly (D:4)
  An orc priest (D:2)
  Jessica (D:2)
  Natasha (twice) (D:3)
  2 orc wizards
  5 adders
  12 gnolls
  2 worms (D:2)
  4 dart slugs
  10 orcs
  9 endoplasms
  4 giant cockroaches
  8 goblins
  6 hobgoblins
  14 jackals
  5 quokkas
  12 ball pythons
  2 bats
  A frilled lizard (D:2)
  7 kobolds
  7 rats
119 creatures vanquished.

Vanquished Creatures (others)
  3 plants (D:3)
3 creatures vanquished.

Grand Total: 122 creatures vanquished

Notes
Turn   | Place    | Note
-------+----------+-------------------------------------------
     0 | D:1      | HotDog the Gargoyle Fighter began the quest for the Orb.
     0 | D:1      | Reached XP level 1. HP: 14/14 MP: 1/1
    63 | D:1      | Reached XP level 2. HP: 15/19 MP: 2/2
   507 | D:1      | Found a faded altar of an unknown god.
   811 | D:1      | Prayed at the altar of an unknown god.
   811 | D:1      | Became a worshipper of Ru the Awakened
   814 | D:1      | Gained mutation: You cannot train Dodging skill. [Ru
                  | sacrifice]
   814 | D:1      | Reached * piety under Ru
   877 | D:1      | Found Coarramyj's Jewellery Shop.
   939 | D:1      | Reached XP level 3. HP: 21/23 MP: 3/3
  1456 | D:2      | Noticed Jessica
  1467 | D:2      | Killed Jessica
  1468 | D:2      | Reached XP level 4. HP: 23/29 MP: 4/4
  1963 | D:2      | Found Penoyzoq's Jewellery Shop.
  2387 | D:2      | Reached XP level 5. HP: 33/33 MP: 5/5
  3409 | D:3      | Noticed Grinder
  3602 | D:2      | Reached XP level 6. HP: 22/39 MP: 6/6
  4371 | D:4      | Noticed a black bear
  4377 | D:4      | Killed a black bear
  4426 | D:4      | Gained mutation: You have somewhat slow reflexes. (EV -5)
                  | [Ru sacrifice]
  4426 | D:4      | Reached ** piety under Ru
  4534 | D:4      | Found a snail-covered altar of Cheibriados.
  4586 | D:4      | Reached skill level 5 in Armour
  4889 | D:4      | Found a staircase to the Ecumenical Temple.
  4992 | D:4      | Noticed an orc warrior
  5075 | D:3      | Noticed Sigmund
  5086 | D:3      | Killed Sigmund
  5087 | D:3      | Reached skill level 5 in Maces & Flails
  5087 | D:3      | Reached XP level 7. HP: 35/44 MP: 7/7
  5202 | D:3      | Noticed Natasha
  5228 | D:3      | Killed Natasha
  5696 | D:3      | Reached skill level 5 in Fighting
  5732 | D:3      | Noticed Natasha
  5738 | D:3      | Killed Natasha
  5845 | D:3      | HP: 2/44 [gnoll/+0 halberd (6)]
  5849 | D:3      | Slain by a gnoll

Illustrated notes

Levels and vault maps discovered:
D:1:      mainiacjoe_arrival_reflecting_pool, layout_loops_ring, serial_shops,
          nicolae_shop_waterfront, hellmonk_ecumenical_altar_inner_sanctum,
          roderic_lattice_a
D:2:      layout_basic, serial_rivers, chequers_serial_rivers_marsh,
          chequers_serial_rivers_small_b, chequers_serial_rivers_micro_b,
          chequers_serial_rivers_room_b, chequers_serial_rivers_small_b,
          chequers_serial_rivers_micro_a, serial_shops,
          nicolae_shop_advertising_works [nicolae_subvault_shop_adworks],
          st_stairs_7, uniq_jessica
D:3:      lemuel_castle_with_subvaults [lemuel_castle_interior_carwin_3],
          layout_basic, uniq_natasha, uniq_sigmund, uniq_grinder
D:4:      layout_basic, lemuel_doored_altar, kennysheep_okawaru_gauntlet,
          minmay_temple_entry_slanted, grunt_decor_one_mirror, uniq_ijyb

Skill      XL: |  1  2  3  4  5  6  7 |
---------------+----------------------+-----
Maces & Flails | 3 4 5 |  5.8
Armour         | 4 5 |  5.7
Fighting       | 4 5 |  5.1
Shields        | 4 |  4.6
Invocations    | |  0.3

Action                   |  1- 3 |  4- 6 |  7- 9 || total
-------------------------+-------+-------+-------++-------
Melee: Flail             |    89 |   302 |   114 ||   505
Invok: Sacrifice Nimblen |     1 |       |       ||     1
       Sacrifice Health  |       |     1 |       ||     1
  Use: Scroll            |       |     4 |       ||     4
       Potion            |       |     1 |     2 ||     3
 Stab: Distracted        |       |       |     1 ||     1
Armor: Scale mail        |    56 |   118 |       ||   174
       Chain mail        |       |    99 |   128 ||   227
Dodge: Dodged            |    48 |   151 |    18 ||   217
Block: Buckler           |    18 |    71 |    35 ||   124

Table legend: (Time is in decaauts)
 A = Elapsed time spent in this place.
 B = Non-inter-level travel time spent in this place.
 C = Inter-level travel time spent in this place.
 D = Time resting spent in this place.
 E = Time spent auto-exploring this place.
 F = Levels seen in this place.
 G = Mean time per level.
                   A        B        C        D        E       F      G
               +--------+--------+--------+--------+--------+-----+--------+
         Total |   5997 |   5625 |    372 |    923 |   3441 |   4 | 1499.2 |
       Dungeon |   5997 |   5625 |    372 |    923 |   3441 |   4 | 1499.2 |
               +--------+--------+--------+--------+--------+-----+--------+

Top non-repeatable levels by time:
     D:2: 2478 daAuts
     D:1: 1462 daAuts
     D:3: 1228 daAuts
     D:4: 828 daAuts
